 Dungeon Crawl Stone Soup version 0.17.2-1-ge4368a0 (webtiles) character file.

896 magipi the Carver (level 7, -2/50 HPs)
             Began as a High Elf Berserker on June 29, 2017.
             Was a Priest of Trog.
             Slain by a mummy (14 damage)
             ... in an ossuary.
             The game lasted 00:22:21 (3826 turns).

magipi the Carver (High Elf Berserker)              Turns: 3826, Time: 00:22:21

Health: -2/50      AC: 15    Str: 17    XL:     7   Next: 78%
Magic:  8/8        EV:  8    Int: 11    God:    Trog [***...]
Gold:   60         SH:  0    Dex: 16    Spells: 0 memorised, 6 levels left

rFire  . . .     SeeInvis .     a - +1 falchion (holy)
rCold  . . .     Clarity  .     w - +0 chain mail
rNeg   . . .     SustAt   .     (no shield)
rPois  .         Gourm    .     (no helmet)
rElec  .         Spirit   .     (no cloak)
rCorr  .         Warding  .     (no gloves)
rMut   .         Stasis   .     k - +1 pair of boots
MR     ++...                    (no amulet)
Stlth  ..........               (no ring)
                                d - +4 ring of protection

@: regenerating, very resistant to hostile enchantments, extremely unstealthy
A: no striking features
a: Berserk, Trog's Hand, Burn Spellbooks, Renounce Religion


You were in an ossuary.
You worshipped Trog.
Trog was most pleased with you.
You were near starving.

You visited 1 branch of the dungeon, and saw 5 of its levels.
You also visited: Ossuary.

You collected 285 gold pieces.
You spent 225 gold pieces at shops.

Inventory:

Hand Weapons
 a - a +1 falchion of holy wrath (weapon)
   (You bought it in a shop on level 4 of the Dungeon)
 b - a +0 falchion
Missiles
 r - 4 silver tomahawks (quivered)
Armour
 k - a +1 pair of boots (worn)
   (You found it on level 2 of the Dungeon)
 w - a +0 chain mail (worn)
   (You took it off an orc on level 3 of the Dungeon)
Jewellery
 d - a +4 ring of protection (left hand)
   (You found it on level 1 of the Dungeon)
Wands
 t - a wand of confusion (26)
   (You took it off a goblin on level 2 of the Dungeon)
Scrolls
 e - a scroll of fear
 g - 2 scrolls of noise
 l - 4 scrolls of remove curse
 m - a scroll of teleportation
 p - a scroll of enchant armour
 u - 2 scrolls of fog
 v - a scroll of immolation
Potions
 h - a potion of cancellation {unknown}
 i - 2 potions of curing
 j - a potion of heal wounds {unknown}
 n - a potion of lignification {unknown}
 s - a potion of ambrosia {unknown}
 z - a potion of haste {unknown}
 A - a potion of might {unknown}
 B - a potion of poison {unknown}
Books
 o - a book of the Tempests
   (You found it on level 3 of the Dungeon)

   Spells                             Type                      Level
   a - Static Discharge               Conjuration/Air              3
   b - Lightning Bolt                 Conjuration/Air              5
   c - Fireball                       Conjuration/Fire             5
   d - Tornado                        Air                          9
   e - Shatter                        Earth                        9
   Trog disapproves of the use of such an item.
Comestibles
 c - 2 bread rations
 q - 2 meat rations


   Skills:
 + Level 5.4 Fighting
 * Level 8.3 Long Blades
 + Level 4.3 Armour
 - Level 2.1 Dodging


You had 6 spell levels left.
You didn't know any spells.

Dungeon Overview and Level Annotations

Branches:
Dungeon (5/15)             Temple (0/1) D:4

Altars:
Elyvilon
Qazlal
Ru
Xom
The Shining One

Shops:
D:4 (*?**


Message History

The mummy closely misses you. The hobgoblin zombie barely misses you.
Unknown command.
You completely miss the mummy.
The mummy is moderately damaged.
The gnoll zombie hits you but does no damage.
The mummy hits you! The mummy barely misses you.
Unknown command.
Read which item? (? for menu, Esc to quit)
Okay, then.
Drink which item? (? for menu, Esc to quit)
Okay, then.
Read which item? (? for menu, Esc to quit)
As you read the scroll of teleportation, it crumbles to dust.
You feel strangely unstable. The gnoll zombie hits you.
The mummy completely misses you. The mummy hits you.
The mummy hits you but does no damage.
Unknown command.
You hit the gnoll zombie.
The gnoll zombie convulses.
The gnoll zombie hits you but does no damage.
The mummy barely misses you. The mummy completely misses you.
The mummy barely misses you. The mummy hits you!
* * * LOW HITPOINT WARNING * * *
Drink which item? (? for menu, Esc to quit)
You feel agile all of a sudden.
Your surroundings suddenly seem different.
Found seven items.
Unknown command.
Unknown command.
Unknown command.
You now have enough gold to buy a scroll of magic mapping on D:4, buy a scroll of identify on D:4, or buy a scroll of identify on D:4.
You can access your shopping list by pressing '$'.
You now have 60 gold pieces (gained 12).
You start resting.
You feel yourself speed up.
You start resting.
You are near starving!
You start resting.
You feel less exhausted.
You start resting.
You feel a little less agile now.
You start resting.
You hear a distant blaring wail to the north.
You hear a distant blaring wail to the northwest.
A mummy is nearby!
Unknown command.
You see here a glowing purple potion.
You slash the mummy!
The mummy convulses!
You destroy the mummy!
You hit the gnoll zombie.
You destroy the gnoll zombie!
The kobold zombie closely misses you.
A mummy comes into view.
The hobgoblin zombie hits you but does no damage.
You hit the kobold zombie.
The kobold zombie convulses.
The kobold zombie hits you but does no damage.
The hobgoblin zombie hits you but does no damage.
You slash the kobold zombie!
You destroy the kobold zombie!
You hit the hobgoblin zombie.
The hobgoblin zombie convulses.
The hobgoblin zombie hits you but does no damage.
You slash the hobgoblin zombie!
You destroy the hobgoblin zombie!
You slash the mummy!
The mummy convulses!
The mummy is severely damaged.
The mummy hits you!
You barely miss the mummy.
The mummy is severely damaged.
A mummy comes into view.
Your chain mail prevents you from hitting the mummy.
The mummy is severely damaged.
The mummy hits you but does no damage.
You hit the mummy but do no damage.
The mummy is severely damaged.
The mummy hits you but does no damage.
You barely miss the mummy.
The mummy is severely damaged.
The mummy hits you!
* * * LOW HITPOINT WARNING * * *
You hit the mummy.
You destroy the mummy!
The mummy barely misses you.
Unknown command.
You hit the mummy.
The mummy convulses.
The mummy is lightly damaged.
Your chain mail prevents you from hitting the mummy.
The mummy is lightly damaged.
The mummy hits you!
* * * LOW HITPOINT WARNING * * *
Drink which item? (? for menu, Esc to quit)
You feel better.
Unknown command.
Your chain mail prevents you from hitting the mummy.
The mummy is lightly damaged.
The mummy barely misses you.
Your chain mail prevents you from hitting the mummy.
The mummy is lightly damaged.
Your skin crawls.
You feel resistant to hostile enchantments.
You feel slightly more hungry. The mummy hits you!
You die...

#. #'# ##..##
##....##
##!.....#....#
#$.?....#....#
#$?!..M.#....#
#$$?.M..#....#
##$!..@.#....#
#$$...##.Z..#
##$!..##ZMMZ#
#.!.###M∩M.#
##### ######


You could see 2 mummies.

Vanquished Creatures
  Sigmund (D:2)
  A phantom (D:3)
  The ghost of asdu the Insei, an amateur OpTm of Cheibriados (Ossuary)
  A scorpion (D:4)
  2 crimson imps (D:4)
  A hound (D:4)
  An orc priest (D:3)
  A centaur skeleton (D:4)
  3 orc wizards (D:4)
  2 worker ants (D:4)
  Terence (D:2)
  Natasha (twice) (D:2)
  3 mummies
  5 adders
  4 worms
  14 orcs
  4 bats
  4 giant cockroaches
  2 gnoll zombies (Ossuary)
  6 hobgoblins
  A jackal (D:2)
  3 quokkas (D:4)
  A ball python (D:3)
  6 giant newts
  8 goblins
  2 hobgoblin zombies (Ossuary)
  7 kobolds
  3 kobold zombies
  2 orc zombies
  8 rats
100 creatures vanquished.

Vanquished Creatures (others)
  A quokka (D:2)
  A jackal (D:2)
2 creatures vanquished.

Grand Total: 102 creatures vanquished

Notes
Turn   | Place    | Note
--------------------------------------------------------------
     0 | D:1      | magipi the High Elf Berserker began the quest for the Orb.
     0 | D:1      | Reached XP level 1. HP: 16/16 MP: 2/2
   448 | D:1      | Reached XP level 2. HP: 19/21 MP: 3/3
   660 | D:1      | Reached skill level 4 in Long Blades
   815 | D:2      | Found a white marble altar of Elyvilon.
   821 | D:2      | Noticed Terence
   828 | D:2      | Killed Terence
   828 | D:2      | Reached XP level 3. HP: 26/26 MP: 4/4
   939 | D:2      | Reached ** piety under Trog
  1212 | D:2      | Noticed Natasha
  1232 | D:2      | Killed Natasha
  1232 | D:2      | Reached XP level 4. HP: 17/33 MP: 5/5
  1284 | D:2      | Noticed Natasha
  1314 | D:2      | Killed Natasha
  1314 | D:2      | Reached skill level 5 in Long Blades
  1400 | D:2      | Noticed Sigmund
  1431 | D:2      | Killed Sigmund
  1431 | D:2      | Reached skill level 6 in Long Blades
  1431 | D:2      | Reached XP level 5. HP: 38/38 MP: 6/6
  1589 | D:3      | Reached XP level 6. HP: 41/44 MP: 7/7
  1850 | D:3      | Noticed a phantom
  1950 | D:3      | Killed a phantom
  2183 | D:3      | Found a glowing golden altar of the Shining One.
  2254 | D:4      | Found Vuabodif's Assorted Antiques.
  2269 | D:4      | Bought a glowing falchion for 87 gold pieces
  2334 | D:4      | Found a staircase to the Ecumenical Temple.
  2339 | D:4      | Reached skill level 7 in Long Blades
  2637 | D:4      | Found Plog's General Store.
  2660 | D:4      | Bought a scroll of fear for 45 gold pieces
  2660 | D:4      | Bought a scroll of identify for 26 gold pieces
  2660 | D:4      | Bought a scroll of teleportation for 39 gold pieces
  2665 | D:4      | Found Iwnek's Magic Scroll Emporium.
  2682 | D:4      | Bought a scroll of identify for 28 gold pieces
  2745 | D:4      | Reached *** piety under Trog
  2822 | D:4      | Reached XP level 7. HP: 37/49 MP: 8/8
  2831 | D:4      | Found a shimmering altar of Xom.
  2853 | D:4      | Found Paik's Weapon Boutique.
  2893 | D:4      | Reached skill level 5 in Fighting
  3441 | D:5      | Entered Level 5 of the Dungeon
  3441 | D:5      | Found a stormy altar of Qazlal.
  3490 | D:4      | Found Igotarae's Assorted Antiques.
  3550 | D:5      | Found a sacrificial altar of Ru.
  3640 | D:5      | Found a sand-covered staircase.
  3648 | Ossuary  | Entered an ossuary
  3648 | Ossuary  | Noticed asdu's ghost (amateur OpTm)
  3665 | Ossuary  | Killed asdu's ghost
  3665 | Ossuary  | Reached skill level 8 in Long Blades
  3826 | Ossuary  | Slain by a mummy

Action                   |  1- 3 |  4- 6 |  7- 9 || total
-------------------------+-------+-------+-------++-------
Melee: Falchion          |    90 |   197 |   217 ||   504
Invok: Berserk           |     4 |     4 |     1 ||     9
       Trog's Hand       |       |     1 |     1 ||     2
Evoke: Wand              |       |       |     2 ||     2
  Use: Scroll            |       |    10 |     4 ||    14
       Potion            |       |     1 |     2 ||     3
 Stab: Sleeping          |     1 |       |       ||     1
       Confused          |       |       |     2 ||     2
  Eat: Chunk             |     4 |    10 |     4 ||    18
